 Dungeon Crawl Stone Soup version 0.31-a0-246-g8cbcc1cb85 (webtiles) character file.

Game seed: 224981636406621934

741 qw the Shooter (level 7, -6/61 HPs)
             Began as a Minotaur Hexslinger on July 12, 2023.
             Mangled by Edmund
             ... wielding a +3 flail of protection
              (9 damage)
             ... on level 3 of the Dungeon.
             The game lasted 00:01:31 (2968 turns).

qw the Shooter (Minotaur Hexslinger)                Turns: 2968, Time: 00:01:32

Health: -6/61      AC:  7    Str: 17 (20) XL:     7   Next: 47%
Magic:  7/7        EV: 11    Int:  2 (5)  God:
Gold:   248        SH:  0    Dex: 12 (15) Spells: 7/8 levels left

rFire   + . .        e - +1 sling "Nooji" {freeze, Drain rN+ Str+8 Int-5}
rCold   + . .        (no shield)
rNeg    + . .        j - +0 ring mail
rPois   .            (helmet restricted)
rElec   .            l - scarf {rC+ rF+}
rCorr   .            (no gloves)
SInv    .            b - +1 pair of boots
Will    .....        (no amulet)
Stlth   +            (no ring)
HPRegen 0.30/turn    (no ring)
MPRegen 0.10/turn

%: no passive effects
@: brilliant
A: horns 2, retaliatory headbutt
a: no special abilities


You were on level 3 of the Dungeon.
You visited 1 branch of the dungeon, and saw 4 of its levels.

You collected 248 gold pieces.


Innate Abilities, Weirdness & Mutations

You have a pair of horns on your head.
You reflexively headbutt those who attack you in melee.


   Skills:
 - Level 5.5 Fighting
 + Level 7.3 Ranged Weapons
 - Level 2.8 Armour
 - Level 2.1 Dodging
 - Level 1.0 Spellcasting
 - Level 2.0 Hexes


You had 7 spell levels left.
You knew the following spells:

 Your Spells              Type           Power      Damage    Failure   Level
a - Slow                  Hex            4%         N/A       43%         1

Your spell library contained the following spells:

 Spells                   Type           Power      Damage    Failure   Level
 Inner Flame              Hex/Fire       0%         N/A       91%         3
 Portal Projectile        Hex/Tloc       0%         N/A       91%         3
 Cause Fear               Hex            0%         N/A       99%         4

Inventory:

Hand Weapons
 e - the +1 sling "Nooji" (weapon) {freeze, Drain rN+ Str+8 Int-5}
   (You found it on level 2 of the Dungeon)

   Str:       It affects your strength (+8).
   Int:       It affects your intelligence (-5).
   rN:        It protects you from negative energy.
   Drain:     It drains your maximum health when unequipped.
Armour
 b - a +1 pair of boots (worn)
 j - a +0 ring mail (worn)
 l - a scarf of resistance (worn)
Potions
 c - a potion of might {unknown}
 d - a potion of curing
 f - a potion of attraction {unknown}
 h - a potion of haste {unknown}
 k - a potion of resistance
 m - a potion of magic {unknown}

Dungeon Overview and Level Annotations

Branches:
Dungeon (4/15)
 Temple: D:4-7

Altars:
Ashenzari
Sif Muna

Annotations:
D:3 1 runed translucent door, exclusion: ball python, Crazy Yiuf, Edmund


Message History

You shoot a sling bullet. The sling bullet closely misses Edmund.
Edmund hits you with a +3 flail of protection!
You shoot a sling bullet. The sling bullet barely misses Edmund.
Edmund hits you with a +3 flail of protection.
You shoot a sling bullet.
The sling bullet hits Edmund but does no damage.
Edmund is lightly wounded.
Edmund hits you but does no damage.
You shoot a sling bullet. The sling bullet barely misses Edmund.
Edmund hits you with a +3 flail of protection!
You shoot a sling bullet. The sling bullet hits Edmund!
The sling bullet freezes Edmund.
Edmund is moderately wounded.
Edmund hits you with a +3 flail of protection.
2962 ||| DRINKING potion of heal wounds.
You feel much better.
Edmund hits you with a +3 flail of protection.
You shoot a sling bullet. The sling bullet hits Edmund!
The sling bullet freezes Edmund.
Edmund is heavily wounded.
Edmund hits you but does no damage.
You shoot a sling bullet. The sling bullet hits Edmund.
The sling bullet freezes Edmund.
Edmund is severely wounded.
Edmund hits you with a +3 flail of protection!
You shoot a sling bullet. The sling bullet hits Edmund.
The sling bullet freezes Edmund.
Edmund is severely wounded.
Edmund hits you with a +3 flail of protection. x2
You shoot a sling bullet.
The sling bullet hits Edmund but does no damage.
Edmund is severely wounded.
Edmund barely misses you.
You shoot a sling bullet.
The sling bullet hits Edmund but does no damage.
Edmund is severely wounded.
Edmund hits you with a +3 flail of protection!
You shoot a sling bullet. The sling bullet closely misses Edmund.
Edmund hits you with a +3 flail of protection!
You die...

#....................)#)..####...
#................####).#)....#...
#......^..)).....#####.##..#.#...
#.........<[..(....# #.###....#..
#.........[........# #.# ##......
#>...........###...###.# ##..<..
#.......####.#####..##.# ####..
........##.....%##.....#### ##.
.........#...##.@@##......## ##.
.......#.#.....##....#.....# ##..
.......#.[...#..####.....#......#
.......#.....##.## ##..#..#......
####.###.....##..##............#.
##.##..#######..#..............
###..#...........................
.......<(..########..............
...........########.............#


You could see Edmund.

Vanquished Creatures
  Grinder (D:3)
  Menkaure (D:4)
  A water moccasin (D:3)
  An orc priest (D:3)
  Jessica (D:3)
  Natasha (twice) (D:3)
  2 orc wizards (D:3)
  Robin (D:3)
  6 adders
  9 orcs (D:3)
  6 endoplasms
  4 giant cockroaches
  4 hobgoblins
  6 quokkas
  8 ball pythons
  3 bats
  3 frilled lizards
  13 goblins
  4 kobolds
  21 rats
97 creatures vanquished.

Notes
Turn   | Place    | Note
-------+----------+-------------------------------------------
     0 | D:1      | qw the Minotaur Hexslinger began the quest for the Orb.
     0 | D:1      | Reached XP level 1. HP: 16/16 MP: 1/1
     0 | D:1      | 0 ||| qw: Version: 0.3-a-52-g30416fa
     0 | D:1      | 0 ||| qw: Game counter: 6319
     0 | D:1      | 0 ||| qw: Melee chars always use a shield: true
     0 | D:1      | 0 ||| qw: God list: Okawaru
     0 | D:1      | 0 ||| qw: Allow faded altars: false
     0 | D:1      | 0 ||| qw: Do Orc after clearing Dungeon:15 true
     0 | D:1      | 0 ||| qw: Do second Lair branch before Depths: true
     0 | D:1      | 0 ||| qw: Lair rune preference: random
     0 | D:1      | 0 ||| qw: Goals: Normal
     0 | D:1      | 0 ||| PLANNING D:1-11
    61 | D:1      | Reached skill level 3 in Ranged Weapons
    61 | D:1      | Reached XP level 2. HP: 16/23 MP: 2/2
   399 | D:1      | 399 ||| READING 2 scrolls labelled KUEBRA KITIPOPH.
   400 | D:1      | 400 ||| READING scroll labelled NEVENG DOKUW.
   401 | D:1      | 401 ||| READING 2 scrolls labelled DYLLIO BONO.
   402 | D:1      | 402 ||| READING scroll labelled PUEDADUKAH.
   403 | D:1      | 403 ||| DRINKING 2 amethyst potions.
   404 | D:1      | 404 ||| DROPPING scroll of poison.
   405 | D:1      | 405 ||| DROPPING scroll of blinking.
   541 | D:2      | You fall into a shaft and drop 1 floor!
   541 | D:3      | Found a broken altar of Ashenzari.
   642 | D:2      | Identified the +1 sling "Nooji" {freeze, Drain rN+ Str+8
                  | Int-5}
   644 | D:2      | 644 ||| SWAPPING to +1 sling "Nooji" {freeze, Drain rN+
                  | Str+8 Int-5}.
   645 | D:2      | 645 ||| DROPPING +2 sling.
   739 | D:2      | Reached XP level 3. HP: 25/29 MP: 3/3
   828 | D:2      | Reached skill level 4 in Ranged Weapons
  1167 | D:2      | 1167 ||| UPGRADING to +0 pair of boots.
  1172 | D:2      | 1172 ||| READING scroll of enchant armour.
  1172 | D:2      | 1172 ||| ENCHANTING +0 pair of boots.
  1173 | D:2      | 1173 ||| READING scroll labelled QOITTA XENOSEP.
  1223 | D:2      | 1223 ||| READING scroll labelled CUACEV TEODEA.
  1228 | D:2      | 1228 ||| READING scroll labelled HATWAI SAMUICH.
  1248 | D:3      | Noticed Jessica
  1249 | D:3      | Noticed Grinder
  1253 | D:3      | Reached XP level 4. HP: 36/36 MP: 4/4
  1254 | D:3      | 1254 ||| Stepping ~*~*~tactically~*~*~ (outnumbered).
  1256 | D:3      | Paralysed by Grinder for 5 turns
  1265 | D:3      | Killed Jessica
  1266 | D:3      | Reached skill level 5 in Ranged Weapons
  1271 | D:3      | Paralysed by Grinder for 4 turns
  1277 | D:3      | HP: 8/36 [Grinder/nerve-wracking pain (6)]
  1280 | D:3      | Killed Grinder
  1281 | D:3      | Reached XP level 5. HP: 6/48 MP: 5/5
  1281 | D:3      | Reached XP level 6. HP: 7/56 MP: 6/6
  1468 | D:3      | 1468 ||| FLEEEEING.
  1469 | D:3      | 1469 ||| FLEEEEING.
  1470 | D:3      | 1470 ||| STAIRDANCE
  1578 | D:3      | Noticed Natasha
  1581 | D:3      | Killed Natasha
  1594 | D:3      | Found a runed translucent door.
  1595 | D:3      | Noticed Crazy Yiuf
  1686 | D:3      | Noticed Robin
  1693 | D:3      | 1693 ||| Stepping ~*~*~tactically~*~*~ (outnumbered).
  1706 | D:3      | Killed Robin
  1726 | D:3      | HP: 13/56 [orc/+0 flail (6)]
  1906 | D:3      | Noticed Natasha
  1914 | D:3      | Killed Natasha
  1915 | D:3      | Reached skill level 6 in Ranged Weapons
  2089 | D:3      | Found a shimmering blue altar of Sif Muna.
  2097 | D:3      | 2097 ||| FLEEEEING.
  2098 | D:3      | 2098 ||| FLEEEEING.
  2099 | D:3      | 2099 ||| FLEEEEING.
  2141 | D:3      | 2141 ||| FLEEEEING.
  2193 | D:3      | 2193 ||| UPGRADING to +0 leather armour.
  2285 | D:3      | 2285 ||| UPGRADING to +0 leather armour.
  2295 | D:3      | 2295 ||| DROPPING +0 robe.
  2296 | D:3      | 2296 ||| UPGRADING to +0 ring mail.
  2306 | D:3      | 2306 ||| DROPPING +0 leather armour.
  2307 | D:3      | 2307 ||| UPGRADING to scarf of resistance.
  2382 | D:3      | 2382 ||| DRINKING 2 fuming blue potions.
  2411 | D:4      | Noticed a water moccasin
  2419 | D:4      | 2419 ||| STAIRDANCE
  2423 | D:3      | Killed a water moccasin
  2424 | D:3      | Reached XP level 7. HP: 30/61 MP: 7/7
  2767 | D:4      | Noticed Menkaure
  2772 | D:4      | Noticed Edmund
  2776 | D:4      | Killed Menkaure
  2777 | D:4      | Reached skill level 7 in Ranged Weapons
  2777 | D:4      | 2777 ||| FLEEEEING.
  2778 | D:4      | 2778 ||| FLEEEEING.
  2779 | D:4      | 2779 ||| FLEEEEING.
  2780 | D:4      | 2780 ||| FLEEEEING.
  2781 | D:4      | 2781 ||| FLEEEEING.
  2782 | D:4      | 2782 ||| FLEEEEING.
  2783 | D:4      | 2783 ||| FLEEEEING.
  2784 | D:4      | 2784 ||| FLEEEEING.
  2786 | D:4      | 2786 ||| FLEEEEING.
  2787 | D:4      | 2787 ||| FLEEEEING.
  2788 | D:4      | 2788 ||| FLEEEEING.
  2789 | D:4      | 2789 ||| FLEEEEING.
  2790 | D:4      | 2790 ||| FLEEEEING.
  2791 | D:4      | 2791 ||| FLEEEEING.
  2792 | D:4      | 2792 ||| FLEEEEING.
  2793 | D:4      | 2793 ||| FLEEEEING.
  2794 | D:4      | 2794 ||| STAIRDANCE
  2920 | D:3      | 2920 ||| DRINKING 2 fuming dark potions.
  2921 | D:3      | 2921 ||| DRINKING 2 bubbling golden potions.
  2922 | D:3      | 2922 ||| DROPPING potion of brilliance.
  2923 | D:3      | 2923 ||| DROPPING potion of degeneration.
  2954 | D:4      | 2954 ||| STAIRDANCE
  2961 | D:3      | HP: 13/61 [Edmund/+3 flail of protection (5)]
  2962 | D:3      | 2962 ||| DRINKING potion of heal wounds.
  2967 | D:3      | HP: 3/61 [Edmund/+3 flail of protection (11)]
  2968 | D:3      | Mangled by Edmund

Levels and vault maps discovered:
D:1:      scummos_arrival_hexagon, layout_rooms
D:2:      layout_loops_cross, grunt_decor_one_mirror
D:3:      layout_rooms, led_sif_book, cheibrodos_ashenzari_chains, uniq_natasha,
          uniq_robin, uniq_grinder, uniq_jessica, uniq_crazy_yiuf_cottage
D:4:      layout_rooms, minmay_temple_entry_enclosed_plants, minmay_rat_hole,
          uniq_edmund, uniq_menkaure

Skill      XL: |  1  2  3  4  5  6  7 |
---------------+----------------------+-----
Ranged Weapons | 3 4 5 6 7 |  7.3
Fighting       | 2 5 |  5.5
Armour         | 2 |  2.8
Dodging        | |  2.1
Spellcasting   | |  1.0
Hexes          | |  2.0

Action                     |  1- 3 |  4- 6 |  7- 9 || total
---------------------------+-------+-------+-------++-------
   Fire: Sling             |   114 |   151 |    60 ||   325
    Use: Scroll            |     8 |       |       ||     8
         Potion            |     1 |     1 |     3 ||     5
 Armour: Robe              |    16 |    18 |       ||    34
         Ring mail         |       |     2 |     7 ||     9
  Dodge: Dodged            |    34 |    35 |     8 ||    77

Table legend:
 A = Non-vault XP
 B = Vault XP
 C = Vault XP percentage of total XP
 D = Non-vault monster count
 E = Vault monster count
 F = Vault count percentage of total count
                 A         B        C        D         E       F
            +---------+---------+-------+---------+---------+-------
      Total |     410 |     649 |  61.3 |      61 |      36 |  37.1
            +---------+---------+-------+---------+---------+-------
        D:1 |      29 |       0 |   0.0 |      18 |       0 |   0.0
        D:2 |      56 |       0 |   0.0 |      14 |       0 |   0.0
        D:3 |     321 |     457 |  58.7 |      27 |      16 |  37.2
        D:4 |       4 |     192 |  98.0 |       2 |      20 |  90.9
            +---------+---------+-------+---------+---------+-------
